 Dungeon Crawl Stone Soup version 0.19-a0-1025-g778f431 (webtiles) character file.

1494 4thArraOfDagon the Cleaver (level 8, 0/64 HPs)
             Began as a Minotaur Berserker on July 28, 2016.
             Was a Priest of Trog.
             Slain by a deep troll (9 damage)
             ... on level 9 of the Dungeon.
             The game lasted 00:07:03 (1339 turns).

4thArraOfDagon the Cleaver (Minotaur Berserker)     Turns: 1339, Time: 00:07:04

Health: 0/64       AC:  7    Str: 23    XL:     8   Next: 51%
Magic:  7/7        EV: 13    Int:  4    God:    Trog [***...]
Gold:   6          SH:  0    Dex: 19    Spells: 0 memorised, 7 levels left

rFire  x . .     SeeInvis .     w - +0 war axe
rCold  + . .     Gourm    .     y - +3 leather armour of the Other World {rElec Dex+8}
rNeg   . . .     Faith    .     (no shield)
rPois  .         Spirit   .     (helmet restricted)
rElec  +         Dismiss  .     (no cloak)
rCorr  +         Reflect  .     (no gloves)
SustAt .         Harm     .     (no boots)
MR     .....                    (no amulet)
Stlth  +.........               r - ring of ice
                                f - ring of resist corrosion

@: exhausted, about to teleport, slowed, very slow, not resistant to hostile
enchantments, very unstealthy
A: retaliatory headbutt, horns 2
a: Berserk, Trog's Hand, Burn Spellbooks, Renounce Religion


You were on level 9 of the Dungeon.
You worshipped Trog.
Trog was most pleased with you.
You were very hungry.

You visited 1 branch of the dungeon, and saw 9 of its levels.

You collected 135 gold pieces.
You spent 129 gold pieces at shops.

Inventory:

Hand Weapons
 a - a +0 hand axe
 w - a +0 war axe (weapon)
Armour
 b - a +0 animal skin
 o - a +0 scale mail
 v - a +0 plate armour
 y - the +3 leather armour of the Other World (worn) {rElec Dex+8}
   (You found it on level 9 of the Dungeon)

   It affects your dexterity (+8).
   It insulates you from electricity.
Jewellery
 f - a ring of resist corrosion (left hand)
 r - a ring of ice (right hand)
Scrolls
 e - 2 scrolls of amnesia {unknown}
 i - 4 scrolls of blinking {unknown}
 l - 6 scrolls of identify {unknown}
 m - 3 scrolls of teleportation
 q - a scroll of noise {unknown}
 s - a scroll of remove curse {unknown}
 t - 2 scrolls of fog {unknown}
Potions
 h - 3 potions of degeneration {unknown}
 j - 3 potions of curing {unknown}
 k - 2 potions of cancellation {unknown}
 n - a potion of flight {unknown}
 p - a potion of invisibility {unknown}
 x - a potion of heal wounds
 z - a potion of haste {unknown}
Comestibles
 c - 2 bread rations
 d - a meat ration
 g - a beef jerky


   Skills:
 - Level 3.6 Fighting
 * Level 10.8 Axes
 + Level 7.9 Armour
 - Level 2.1 Dodging


You had 7 spell levels left.
You didn't know any spells.

Dungeon Overview and Level Annotations

Branches:
Dungeon (9/15)             Temple (0/1) D:4
   Lair: D:8-11         Orc: D:9-12

Altars:
Qazlal
Uskayaw
Yredelemnul

Shops:
D:4 (   D:9 :**


Innate Abilities, Weirdness & Mutations

You reflexively headbutt those who attack you in melee.
You have a pair of horns on your head.


Message History

A scorpion comes into view.
Unknown command.
You feel a strong urge to attack something.
Unknown command.
An elephant comes into view.
You are no longer berserk.
You are exhausted.
You feel yourself slow down.
You are feeling very hungry.
The elephant trumpets!
Something unseen opens the door.
Unknown command.
As you read the scroll of teleportation, it crumbles to dust.
You feel strangely unstable.
A troll comes into view.
Unknown command.
A crocodile comes into view.
The deep troll misses you. You furiously retaliate!
You headbutt the deep troll. The deep troll claws you!
You die...

...... .. # #####...t. ...
# .........#####..| ..
..........>...... ##
.......Y.........
........../......
.................
.........@.......
≈≈≈≈≈≈≈≈T≈≈≈≈≈≈≈≈
≈≈≈≈≈≈≈≈.≈#####≈≈
≈≈#####≈.≈# ≈ #)T.TT.T'
#...#≈.≈##
≈≈≈≈≈≈≈≈#####≈.≈≈≈≈
≈≈;≈≈≈≈≈≈≈ ≈≈≈s≈≈≈≈≈≈≈≈≈≈.
#..........................


You could see an elephant, 2 deep trolls, 2 trolls, a crocodile and a scorpion
(wandering).

Vanquished Creatures
  A troll (D:9)
  3 yaks (D:9)
  2 orc warriors
  An ogre (D:7)
  A centaur (D:9)
  A scorpion (D:7)
  An electric eel (D:9)
  A howler monkey (D:9)
  2 orc priests
  3 orc wizards
  2 iguanas (D:4)
  A hound zombie (D:7)
  4 gnolls (D:3)
  3 adders
  A worm (D:2)
  A giant gecko (D:1)
  17 orcs
  4 giant cockroaches
  4 goblins
  4 hobgoblins
  4 jackals (D:4)
  2 quokkas (D:4)
  3 ball pythons
  3 giant newts
  A jackal skeleton (D:7)
  A kobold (D:1)
  2 rats (D:3)
  3 toadstools (D:1)
76 creatures vanquished.

Vanquished Creatures (others)
  An ooze (D:3)
  A toadstool (D:1)
2 creatures vanquished.

Grand Total: 78 creatures vanquished

Notes
Turn   | Place    | Note
-------+----------+-------------------------------------------
     0 | D:1      | 4thArraOfDagon the Minotaur Berserker began the quest for the Orb.
     0 | D:1      | Reached XP level 1. HP: 19/19 MP: 0/0
    86 | D:1      | Reached skill level 4 in Axes
    86 | D:1      | Reached XP level 2. HP: 8/26 MP: 1/1
   383 | D:3      | Found a hide-covered altar of Uskayaw.
   384 | D:3      | Noticed a dagger
   385 | D:3      | Noticed a dagger
   392 | D:3      | Reached XP level 3. HP: 25/31 MP: 2/2
   420 | D:3      | Reached skill level 5 in Axes
   426 | D:3      | Reached ** piety under Trog
   426 | D:3      | Reached XP level 4. HP: 10/39 MP: 3/3
   501 | D:4      | Found a staircase to the Ecumenical Temple.
   524 | D:3      | Reached skill level 6 in Axes
   524 | D:3      | Reached XP level 5. HP: 25/45 MP: 4/4
   647 | D:4      | Found a basalt altar of Yredelemnul.
   752 | D:4      | Found Vason's Weapon Shop.
   821 | D:5      | Entered Level 5 of the Dungeon
   868 | D:6      | Noticed an orc warrior
   876 | D:6      | Killed an orc warrior
   876 | D:6      | Reached skill level 7 in Axes
   876 | D:6      | Reached skill level 5 in Armour
   876 | D:6      | Reached XP level 6. HP: 51/51 MP: 5/5
   939 | D:5      | Noticed a spriggan
  1052 | D:7      | Found a stormy altar of Qazlal.
  1079 | D:7      | Noticed an ice beast
  1093 | D:9      | Reached skill level 8 in Axes
  1093 | D:9      | Reached XP level 7. HP: 49/57 MP: 6/6
  1102 | D:9      | Noticed a yak
  1102 | D:9      | Noticed a yak
  1116 | D:9      | Killed a yak
  1117 | D:9      | Killed a yak
  1117 | D:9      | Reached skill level 9 in Axes
  1177 | D:9      | Found Ystuaman's Book Boutique.
  1186 | D:9      | Reached XP level 8. HP: 41/64 MP: 7/7
  1214 | D:9      | Got an encrusted leather armour
  1218 | D:9      | Noticed a troll
  1228 | D:9      | Killed a troll
  1228 | D:9      | Reached skill level 10 in Axes
  1257 | D:9      | Identified the +3 leather armour of the Other World {rElec Dex+8} (You found it on level 9 of the Dungeon)
  1263 | D:9      | Found Umpeiveast's Assorted Antiques.
  1281 | D:9      | Bought a scroll labeled SETSU QOAJUGHO for 26 gold pieces
  1281 | D:9      | Bought a pink potion for 23 gold pieces
  1281 | D:9      | Bought a scroll labeled FULOEN GAPS for 26 gold pieces
  1281 | D:9      | Bought a scroll labeled FULOEN GAPS for 26 gold pieces
  1307 | D:9      | Found Taeli's Assorted Antiques.
  1315 | D:9      | Bought a scroll labeled ZOAPRO TULEQ for 28 gold pieces
  1327 | D:9      | Reached *** piety under Trog
  1329 | D:9      | Noticed a troll
  1329 | D:9      | Noticed a troll
  1329 | D:9      | Noticed a deep troll
  1329 | D:9      | Noticed a troll
  1329 | D:9      | Noticed a deep troll
  1337 | D:9      | Noticed an elephant
  1339 | D:9      | Noticed a troll
  1339 | D:9      | Slain by a deep troll

Vault maps used:
D:1:      ldierk_water_garden
D:3:      nemelex_altar_shiori, dancing_weapons_uskayaw
D:4:      marbit_many_paths, serial_shops, shop
D:5:      kb_forest_paths, first_bread, minivault_27
D:6:      nicolae_overflow_crystal_walls, minitemple, basic_altar,
          corexii_shack, uniq_pikel
D:7:      lemuel_doored_altar, grunt_livestock
D:8:      minmay_radiant, uniq_gastronok, uniq_grum
D:9:      lemuel_troll_bridge, kennysheep_little_box, david_lair_generic,
          serial_shops, shop, nicolae_shop_overgrown_old_shop,
          nicolae_shop_window_shopping, shop

Skill      XL: |  1  2  3  4  5  6  7  8 |
---------------+-------------------------+-----
Axes           | 4 5 6 7 8 9 10 | 10.8
Armour         | 3 4 5 7 |  7.9
Fighting       | |  3.6
Dodging        | |  2.1

Action                   |  1- 3 |  4- 6 |  7- 9 || total
-------------------------+-------+-------+-------++-------
Melee: Hand axe          |    43 |    57 |       ||   100
       Headbutt          |     8 |    10 |     9 ||    27
       War axe           |       |    11 |    41 ||    52
Invok: Berserk           |     2 |     5 |     3 ||    10
       Trog's Hand       |       |     2 |     3 ||     5
  Use: Potion            |     1 |     1 |       ||     2
       Scroll            |       |       |     2 ||     2
  Eat: Chunk             |       |     8 |     4 ||    12
Armor: Animal skin       |     6 |       |       ||     6
       Scale mail        |     7 |    33 |       ||    40
       Plate armour      |       |    16 |    17 ||    33
       Leather armour    |       |       |     6 ||     6
Dodge: Dodged            |    28 |    34 |    18 ||    80
